 Dungeon Crawl Stone Soup version 0.25-a0-577-ga4619f409e (webtiles) character file.

Game seed: 245563019947848170, levelgen mode: deterministic

777 Forecaster the Magician (level 7, 0/58 HPs)
             Began as a Naga Wizard on Mar 2, 2020.
             Was a Follower of Fedhas.
             Slain by an orc warrior
             ... wielding a +0 hand axe
              (6 damage)
             ... on level 6 of the Dungeon.
             The game lasted 00:38:18 (5597 turns).

Forecaster the Magician (Naga Wizard)               Turns: 5597, Time: 00:38:20

Health: 0/58       AC:  6    Str: 11    XL:     7   Next: 84%
Magic:  8/15       EV:  9    Int: 18    God:    Fedhas [*.....]
Gold:   167        SH:  0    Dex: 10    Spells: 11/16 levels left

rFire    . . .     SeeInvis +   M - +2 short sword (venom)
rCold    . . .     Gourm    .   (no shield)
rNeg     . . .     Faith    .   k - +0 leather armour
rPois    +         Spirit   .   H - +1 hat
rElec    .         Reflect  .   (no cloak)
rCorr    .         Harm     .   O - +0 pair of gloves
MR       .....                  (no barding)
Stlth    ++........             (no amulet)
HPRegen  0.19/turn              (no ring)
MPRegen  0.14/turn              (no ring)

@: very slow
A: large, see invisible, deformed body, poison resistance, slowness 2, slow
metabolism 1, spit poison 1, AC +2
a: Spit Poison, Renounce Religion


You were on level 6 of the Dungeon.
You worshipped Fedhas.
Fedhas was aware of your devotion.
You were not hungry.

You visited 2 branches of the dungeon, and saw 7 of its levels.

You collected 299 gold pieces.
You spent 132 gold pieces at shops.

Inventory:

Hand Weapons
 f - a +0 dagger
 i - a +0 club
 v - a +0 hunting sling
 x - a +1 war axe of venom
 D - a +0 spear
 E - a +0 trident
 I - a +0 dagger
 M - a +2 short sword of venom (weapon)
Missiles
 g - 6 javelins (quivered)
 h - 271 stones
 l - 54 arrows
 n - 75 bolts
 A - 4 poisoned darts
Armour
 a - a +0 robe
 b - a +0 hat
 k - a +0 leather armour (worn)
 o - a +0 pair of gloves
 p - a +0 robe
 q - a +0 tower shield
 t - a +0 buckler
 C - a +0 robe
 H - a +1 hat (worn)
 O - a +0 pair of gloves (worn)
Jewellery
 y - an uncursed ring of teleportation
 F - an uncursed ring of attention
 R - a cursed +4 ring of evasion {unknown}
Wands
 r - a wand of random effects (23)
 J - a wand of polymorph (6)
 L - a wand of flame (19)
Scrolls
 e - 8 scrolls of identify
 m - 2 scrolls of remove curse
 s - a scroll of fog {unknown}
 u - a scroll of teleportation {unknown}
 w - a scroll of blinking {unknown}
 z - 2 scrolls of amnesia {unknown}
 B - a scroll of random uselessness {unknown}
 G - a scroll of immolation {unknown}
Potions
 c - a potion of lignification
 j - 3 potions of curing
 K - a potion of haste {unknown}
 N - a potion of flight {unknown}
 P - a potion of berserk rage {unknown}
Comestibles
 d - 11 rations


   Skills:
 + Level 1.9 Fighting
 + Level 1.6 Short Blades
 + Level 2.1 Armour
 + Level 2.2 Dodging
 + Level 3.7 Stealth
 + Level 5.3 Spellcasting
 + Level 1.9 Conjurations
 + Level 4.3 Summonings
 + Level 1.0 Translocations


You had 11 spell levels left.
You knew the following spells:

 Your Spells              Type           Power        Failure   Level  Hunger
a - Magic Dart            Conj           ##..         8%          1    None
b - Call Imp              Summ           ###.....     4%          2    #......
c - Blink                 Tloc           N/A          17%         2    #......

Your spell library contained the following spells:

 Spells                   Type           Power        Failure   Level  Hunger
 Slow                     Hex            #.......     26%         2    #......
 Conjure Flame            Conj/Fire      #.......     34%         3    ##.....
 Mephitic Cloud           Conj/Pois/Air  #.......     36%         3    ##.....


Dungeon Overview and Level Annotations

Branches:
Dungeon (6/15)             Temple (1/1) D:4

Altars:
Ashenzari
Cheibriados
Dithmenos
Fedhas
Gozag
Hepliaklqana
Kikubaaqudgha
Makhleb
Nemelex Xobeh
Okawaru
Qazlal
Ru
Trog
Uskayaw
Vehumet
Xom
Yredelemnul
Zin

Shops:
D:5 *

Annotations:
D:6 Maggie


Innate Abilities, Weirdness & Mutations

You cannot wear boots.
Your serpentine skin is tough. (AC +2)
You have supernaturally acute eyesight. (SInv)
Armour fits poorly on your strangely shaped body.
Your system is resistant to poisons. (rPois)
You cover ground very slowly.
You have a slow metabolism.
You can spit poison.


Message History

Your crimson imp hits the orc warrior but does no damage.
Your magical contamination has completely faded away.
The orc warrior barely misses your crimson imp.
Maggie says, "Did Master Lance send you?"
Your crimson imp blinks!
You break out of your daze!
Maggie practices a pose.
Maggie gestures wildly while chanting.
Maggie attempts to bespell you! You resist.
Maggie casts a spell.
Maggie attempts to bespell you! You resist.
The orc warrior hits you but does no damage.
The orc warrior hits your crimson imp with a +0 hand axe!
You hit the orc warrior but do no damage.
The orc warrior looks as sick as possible!
The orc warrior is almost dead.
Your crimson imp barely misses the orc warrior.
The orc warrior hits you with a +0 hand axe.
You die...
Fedhas appreciates your contribution to the ecosystem.

#...........#<##..########
#...#.#.#.###.##..........
........[...#.##..########
#..>.................)..#
#...#...#...#.##..#######
....#..)#.........#
#.................#
#...#.ยง##...#.##.##
#...#..##...#..o@#
#...#.o...#.#.5#.#
#...#o@## #.#....#
#..###.# #...#### #.#
#o####.#.### #oo..o.5...#
######.#.#.# #.#...#
#.###.#


You could see an orc warrior, an orc wizard (invisible) and a friendly crimson
imp.

Vanquished Creatures
  An ice beast (D:5)
  3 bullfrogs (D:6)
  A scorpion (D:5)
  A hound (D:6)
  A jelly (D:6)
  2 worker ants
  An orc wizard (D:3)
  A hound zombie (D:5)
  A hound skeleton (D:5)
  5 adders
  A howler monkey skeleton (D:3)
  2 leopard geckos
  2 orcs
  2 ball pythons
  A giant cockroach (D:3)
  4 goblins
  4 hobgoblins
  2 jackals
  4 kobolds
  3 quokkas
  9 bats
  A frilled lizard (D:1)
  3 rats
55 creatures vanquished.

Vanquished Creatures (collateral kills)
  2 ogres
  2 howler monkeys
  A hound (D:4)
  A jelly (D:6)
  An orc wizard (D:4)
  A worker ant (D:4)
  A howler monkey skeleton (D:4)
  5 adders
  2 oozes
  An adder zombie (D:5)
  An adder skeleton (D:5)
  A worm (D:4)
  A dart slug (D:1)
  A leopard gecko (D:1)
  27 orcs
  A ball python (D:4)
  3 bats
  6 goblins
  8 hobgoblins
  13 jackals
  5 kobolds
  2 quokkas
  2 frilled lizards (D:3)
88 creatures vanquished.

Grand Total: 143 creatures vanquished

Notes
Turn   | Place    | Note
-------+----------+-------------------------------------------
     0 | D:1      | Forecaster the Naga Wizard began the quest for the Orb.
     0 | D:1      | Reached XP level 1. HP: 15/15 MP: 4/4
   267 | D:1      | Reached XP level 2. HP: 22/22 MP: 4/6
   328 | D:1      | Learned a level 2 spell: Call Imp
   331 | D:1      | Learned a level 2 spell: Blink
  1136 | D:2      | Reached XP level 3. HP: 5/28 MP: 3/7
  1517 | D:2      | Found a sacrificial altar of Ru.
  1520 | D:2      | Found a radiant altar of Vehumet.
  1520 | D:2      | Found a shadowy altar of Dithmenos.
  1539 | D:2      | Found a basalt altar of Yredelemnul.
  1539 | D:2      | Found a glowing silver altar of Zin.
  1729 | D:2      | Reached XP level 4. HP: 21/36 MP: 9/9
  1946 | D:2      | Reached skill level 4 in Spellcasting
  2517 | D:3      | Found a hide-covered altar of Uskayaw.
  2891 | D:3      | Reached XP level 5. HP: 43/43 MP: 6/11
  3738 | D:4      | Reached skill level 1 in Armour
  3738 | D:4      | Reached XP level 6. HP: 15/50 MP: 3/12
  4013 | D:4      | Found a shimmering altar of Xom.
  4116 | D:4      | Found a hazy altar of Hepliaklqana.
  4251 | D:4      | Found a staircase to the Ecumenical Temple.
  4271 | Temple   | Entered the Ecumenical Temple
  4444 | Temple   | Became a worshipper of Fedhas Madash
  4587 | D:5      | Entered Level 5 of the Dungeon
  4616 | D:5      | Found Sugevv Xinu's Assorted Antiques.
  4699 | D:5      | Bought a runed short sword for 132 gold pieces
  4780 | D:5      | Found an iron altar of Okawaru.
  4782 | D:5      | Found a basalt altar of Yredelemnul.
  4789 | D:5      | Reached skill level 1 in Short Blades
  4944 | D:5      | Noticed an ice beast
  4975 | D:5      | Killed an ice beast
  4975 | D:5      | Reached skill level 1 in Fighting
  4975 | D:5      | Reached XP level 7. HP: 38/57 MP: 10/14
  5223 | D:5      | Found a sparkling altar of Nemelex Xobeh.
  5401 | D:6      | Reached skill level 5 in Spellcasting
  5557 | D:6      | Noticed Maggie
  5579 | D:6      | Reached * piety under Fedhas
  5597 | D:6      | Slain by an orc warrior

Levels and vault maps discovered:
D:1:      lemuel_arrival_broad_hall, layout_basic
D:2:      layout_basic, grunt_temple_overflow_open
D:3:      layout_loops_ring, lemuel_crystal_altar, first_ration,
          skrybe_limestone_x, minmay_misc_feat_pillars
D:4:      layout_cave_pools, lemuel_round_altar, xom_teletrap_fun,
          minmay_temple_entry_antechambers
D:5:      layout_loops_ring, kennysheep_okawaru_gauntlet, serial_shops,
          nicolae_shop_waterfront, moated_statue, hangedman_feature_mirror
D:6:      layout_basic, uniq_maggie
Temple:   jpeg_temple_island

Skill      XL: |  1  2  3  4  5  6  7 |
---------------+----------------------+-----
Spellcasting   | 4 5 |  5.3
Dodging        | 2 |  2.2
Summonings     | 2 3 4 |  4.3
Armour         | 1 2 |  2.1
Short Blades   | 1 |  1.6
Fighting       | 1 |  1.9
Stealth        | |  3.7
Conjurations   | |  1.9
Translocations | |  1.0

Action                   |  1- 3 |  4- 6 |  7- 9 || total
-------------------------+-------+-------+-------++-------
Melee: Club              |     1 |       |       ||     1
       Dagger            |    63 |   162 |       ||   225
       Short sword       |       |    21 |    43 ||    64
 Cast: Magic Dart        |    50 |    39 |     6 ||    95
       Call Imp          |    26 |    78 |    19 ||   123
       Blink             |       |       |     1 ||     1
  Use: Scroll            |     1 |     3 |       ||     4
       Potion            |       |     3 |     2 ||     5
 Stab: Distracted        |       |     1 |       ||     1
       Sleeping          |       |       |     2 ||     2
  Eat: Chunk             |     3 |    10 |     2 ||    15
Armor: Robe              |    15 |     5 |       ||    20
       Leather armour    |       |    54 |    24 ||    78
       Skin              |       |    18 |       ||    18
Dodge: Dodged            |    48 |    96 |    24 ||   168

Table legend:
 A = Non-vault XP
 B = Vault XP
 C = Vault XP percentage of total XP
 D = Non-vault monster count
 E = Vault monster count
 F = Vault count percentage of total count
                 A         B        C        D         E       F
            +---------+---------+-------+---------+---------+-------
      Total |    1077 |      34 |   3.1 |     139 |       4 |   2.8
            +---------+---------+-------+---------+---------+-------
        D:1 |      32 |       0 |   0.0 |      22 |       0 |   0.0
        D:2 |      98 |       0 |   0.0 |      30 |       0 |   0.0
        D:3 |     169 |       0 |   0.0 |      51 |       0 |   0.0
        D:4 |     207 |       0 |   0.0 |      13 |       0 |   0.0
        D:5 |     225 |      34 |  13.1 |      14 |       4 |  22.2
        D:6 |     346 |       0 |   0.0 |       9 |       0 |   0.0
            +---------+---------+-------+---------+---------+-------
